 Dungeon Crawl Stone Soup version 0.20.1-1-g8b1a95d (console) character file.

6107 hilaritas the Grappler (level 10, -20/150 HPs)
             Began as a Troll Berserker on Jan 26, 2018.
             Was a High Priest of Trog.
             Demolished by a two-headed ogre
             ... wielding a +0 giant club
              (30 damage)
             ... on level 9 of the Dungeon.
             The game lasted 00:25:49 (6762 turns).

hilaritas the Grappler (Troll Berserker)            Turns: 6762, Time: 00:25:49

Health: -20/150    AC:  9    Str: 35    XL:     10   Next: 58%
Magic:  10/10      EV: 13    Int: 10    God:    Trog [*****.]
Gold:   437        SH:  0    Dex: 11    Spells: 9/9 levels left

rFire    . . .     SeeInvis +     - Unarmed
rCold    . . .     Gourm    +   (no shield)
rNeg     . . .     Faith    .   x - +1 robe "Zinaughu" {Str+3 Int+4 Dex-2 SInv Stlth+}
rPois    .         Spirit   .   (helmet restricted)
rElec    .         Reflect  .   l - +2 cloak {+Inv}
rCorr    .         Harm     .   (gloves unavailable)
MR       .....                  (boots unavailable)
Stlth    ..........             (no amulet)
Regen    0.8/turn               I - +4 ring of dexterity
MPRegen  0.2/turn               (no ring)

@: berserking, very quick
A: unfitting armour, claws 3, fast metabolism 3, gourmand, regeneration 1,
shaggy fur 1, tough skin 2
a: Berserk, Trog's Hand, Brothers in Arms, Burn Spellbooks, Renounce Religion,
Evoke Invisibility


You were on level 9 of the Dungeon.
You worshipped Trog.
Trog was extremely pleased with you.
You were very full.

You visited 1 branch of the dungeon, and saw 9 of its levels.

You collected 437 gold pieces.

Inventory:

Hand Weapons
 i - a +0 flail
Missiles
 d - 4 large rocks (quivered)
 t - 2 throwing nets
Armour
 l - a +2 cloak of invisibility (worn)
 x - the +1 robe "Zinaughu" (worn) {Str+3 Int+4 Dex-2 SInv Stlth+}
   (You acquired it on level 5 of the Dungeon)

   It affects your strength (+3).
   It affects your intelligence (+4).
   It affects your dexterity (-2).
   It lets you see invisible.
   It makes you more stealthy.
Jewellery
 s - an uncursed ring of resist corrosion
 G - an uncursed ring of see invisible
 I - a +4 ring of dexterity (left claw)
Wands
 a - a wand of enslavement (14/24)
 e - a wand of enslavement (12/24)
 h - a wand of polymorph (16/24)
 j - a wand of acid (3/15)
 o - a wand of random effects (19/48)
 p - a wand of acid (5/15)
 u - a wand of paralysis (8/24)
 y - a wand of flame (15/48)
 D - a wand of flame (10/48)
Scrolls
 q - 3 scrolls of remove curse
 w - a scroll of blinking
 C - a scroll of enchant weapon
Potions
 c - 5 potions of curing
 g - 2 potions of berserk rage
 k - 3 potions of heal wounds
 r - 2 potions of flight
 v - 2 potions of mutation
 A - a potion of haste
 H - a potion of agility
Books
 z - a book of Maledictions

   Spells                             Type                      Level
   a - Corona                         Hexes                        1
   b - Ensorcelled Hibernation        Hexes/Ice                    2
   c - Confuse                        Hexes                        3
   d - Tukima's Dance                 Hexes                        3
   e - Dazzling Spray                 Conjuration/Hexes            3
   Trog disapproves of the use of such an item.
 B - a book of Geomancy

   Spells                             Type                      Level
   a - Sandblast                      Earth                        1
   b - Passwall                       Transmutation/Earth          2
   c - Stone Arrow                    Conjuration/Earth            3
   d - Petrify                        Transmutation/Earth          4
   e - Lee's Rapid Deconstruction     Earth                        5
   Trog disapproves of the use of such an item.
 E - a book of Maledictions

   Spells                             Type                      Level
   a - Corona                         Hexes                        1
   b - Ensorcelled Hibernation        Hexes/Ice                    2
   c - Confuse                        Hexes                        3
   d - Tukima's Dance                 Hexes                        3
   e - Dazzling Spray                 Conjuration/Hexes            3
   Trog disapproves of the use of such an item.
Comestibles
 b - 10 bread rations
 f - 2 fruits
 m - 2 royal jellies
 n - 4 meat rations
 F - 3 chunks of flesh


   Skills:
 * Level 6.5 Fighting
 * Level 5.0 Armour
 + Level 7.3 Dodging
 - Level 10.0 Unarmed Combat
 - Level 2.0 Evocations


You had 9 spell levels left.
You didn't know any spells.

Dungeon Overview and Level Annotations

Branches:
Dungeon (9/15)             Temple (0/1) D:6
   Lair: D:8-11         Orc: D:9-12

Altars:
Dithmenos
Elyvilon
Okawaru
Qazlal
Sif Muna
Trog
Uskayaw
Vehumet
Zin

Shops:
D:8 [

Annotations:
D:6 1 runed door
D:9 2 runed doors


Innate Abilities, Weirdness & Mutations

You are too large for most types of armour.
You have claws for hands.
Your metabolism is lightning-fast.
You like to eat raw meat.
Your natural rate of healing is unusually fast.
You are covered in fur. (AC +1)
You have very tough skin. (AC +2)


Message History

The two-headed ogre hits you with a giant club!!
The two-headed ogre closely misses you. The troll bites you but does no damage.
The troll claws you. The troll claws you!
You claw the troll!
You kill the troll!
Trog accepts your kill.
The two-headed ogre hits you with a giant club!
* * * LOW HITPOINT WARNING * * *
The two-headed ogre hits you with a giant spiked club!
* * * LOW HITPOINT WARNING * * *
You claw the two-headed ogre!
The two-headed ogre is lightly wounded.
You barely miss the two-headed ogre.
The two-headed ogre is lightly wounded.
You mangle the two-headed ogre!!
The two-headed ogre is severely wounded.
The two-headed ogre hits you with a giant club.
* * * LOW HITPOINT WARNING * * *
The two-headed ogre hits you with a giant spiked club!!
You die...

#....... #.....<.
#....... .# #.......
...## #..# #.......
......###..# #....... #.
.c......# #....[.)
#.###......# #.......
#..........# #.......
..#.......# #.......
#[###.#@###...###.......
#.h$..#O()..(..##..#####
#..((.#......#..# #
#.###.#.###..#..# # #
...#......#..# #
.........##..# #
.........###..# #
.O..#...†.# #..# #
.[...#.....###..# #
###....)...# #
#...####.# #


You could see a two-headed ogre.

Vanquished Creatures
  A two-headed ogre (D:8)
  The ghost of Marihuanna the Protected, a novice GrBe of Trog (D:7)
  Maurice (D:8)
  Joseph (D:8)
  A komodo dragon (D:8)
  A troll (D:9)
  Prince Ribbit (D:7)
  A spriggan (D:7)
  Eustachio (D:4)
  Menkaure (D:4)
  A water moccasin (D:6)
  2 orc warriors
  3 ice beasts
  A sky beast (D:8)
  A black bear (D:8)
  2 ogres (D:4)
  A phantom (D:7)
  3 centaurs
  5 bullfrogs
  A gnoll sergeant (D:8)
  4 scorpions
  3 howler monkeys (D:8)
  7 crimson imps
  2 hounds
  9 orc wizards
  5 orc priests
  Crazy Yiuf (D:2)
  2 centaur skeletons
  3 iguanas (D:7)
  Ijyb (D:4)
  7 worker ants
  A statue (D:8)
  2 hound skeletons (D:3)
  2 worker ant zombies
  A howler monkey skeleton (D:8)
  6 adders
  2 shadow imps
  3 adder skeletons
  A worm (D:2)
  4 dart slugs
  5 leopard geckos
  42 orcs
  5 giant cockroaches
  6 goblins
  5 hobgoblins
  2 jackals (D:7)
  6 kobolds
  3 quokkas
  2 ball pythons
  10 bats
  8 frilled lizards
  2 leopard gecko skeletons
  A quokka skeleton (D:3)
  6 rats
199 creatures vanquished.

Notes
Turn   | Place    | Note
-------+----------+-------------------------------------------
     0 | D:1      | hilaritas the Troll Berserker began the quest for the Orb.
     0 | D:1      | Reached XP level 1. HP: 22/22 MP: 0/0
   406 | D:1      | Reached XP level 2. HP: 29/29 MP: 1/1
   923 | D:2      | Reached ** piety under Trog
   923 | D:2      | Reached XP level 3. HP: 34/36 MP: 2/2
  1535 | D:2      | Reached skill level 4 in Unarmed Combat
  1779 | D:2      | Found a runed door.
  1783 | D:2      | Noticed Crazy Yiuf
  1786 | D:2      | Killed Crazy Yiuf
  1786 | D:2      | Reached XP level 4. HP: 29/44 MP: 3/3
  2046 | D:3      | Found a hide-covered altar of Uskayaw.
  2047 | D:3      | Found a deep blue altar of Sif Muna.
  2047 | D:3      | Found a bloodstained altar of Trog.
  2049 | D:3      | Found an iron altar of Okawaru.
  2069 | D:3      | Found a stormy altar of Qazlal.
  2112 | D:3      | Reached XP level 5. HP: 52/52 MP: 4/4
  2412 | D:3      | Reached skill level 5 in Unarmed Combat
  2472 | D:4      | Noticed Menkaure
  2488 | D:4      | Killed Menkaure
  2488 | D:4      | Reached skill level 1 in Evocations
  2488 | D:4      | Reached XP level 6. HP: 48/59 MP: 5/5
  2492 | D:4      | Reached *** piety under Trog
  2494 | D:4      | Noticed Eustachio
  2503 | D:4      | Reached skill level 6 in Unarmed Combat
  2517 | D:4      | Killed Eustachio
  2517 | D:4      | Reached XP level 7. HP: 22/67 MP: 5/7
  2638 | D:4      | Reached skill level 7 in Unarmed Combat
  2753 | D:4      | Noticed Ijyb
  2758 | D:4      | Killed Ijyb
  2971 | D:5      | Entered Level 5 of the Dungeon
  2999 | D:5      | Identified a scroll of acquirement
  3000 | D:5      | Got a slimy robe
  3011 | D:5      | Identified the +1 robe "Zinaughu" {Str+3 Int+4 Dex-2 SInv Stlth+} (You acquired it on level 5 of the Dungeon)
  3412 | D:5      | Reached skill level 8 in Unarmed Combat
  3420 | D:5      | Reached XP level 8. HP: 53/75 MP: 8/8
  3863 | D:6      | Found a staircase to the Ecumenical Temple.
  3893 | D:6      | Found a white marble altar of Elyvilon.
  3915 | D:6      | Reached **** piety under Trog
  3992 | D:6      | Reached skill level 9 in Unarmed Combat
  4172 | D:6      | Found a glowing silver altar of Zin.
  4172 | D:6      | Noticed an angel
  4173 | D:6      | Found a runed door.
  4659 | D:7      | Reached skill level 10 in Unarmed Combat
  4912 | D:7      | Reached XP level 9. HP: 70/84 MP: 9/9
  4949 | D:7      | Noticed Marihuanna's ghost (novice GrBe)
  4980 | D:7      | Killed Marihuanna's ghost
  5266 | D:7      | Reached skill level 5 in Dodging
  5300 | D:7      | Noticed Prince Ribbit
  5503 | D:7      | Killed Prince Ribbit
  5666 | D:8      | Found Gelue's Antique Armour Boutique.
  5720 | D:8      | Reached skill level 5 in Fighting
  5728 | D:8      | Found a radiant altar of Vehumet.
  5805 | D:8      | Noticed a komodo dragon
  5816 | D:8      | Killed a komodo dragon
  5912 | D:8      | Noticed Maurice
  5914 | D:8      | Noticed a two-headed ogre
  5919 | D:8      | Killed Maurice
  5919 | D:8      | Reached XP level 10. HP: 94/97 MP: 10/10
  5923 | D:8      | Killed a two-headed ogre
  5990 | D:8      | Found a shadowy altar of Dithmenos.
  6189 | D:8      | Noticed Joseph
  6272 | D:8      | Killed Joseph
  6556 | D:8      | Reached ***** piety under Trog
  6668 | D:9      | Found a runed door.
  6677 | D:9      | Found a runed door.
  6743 | D:9      | Noticed a two-headed ogre
  6750 | D:9      | Reached skill level 5 in Armour
  6759 | D:9      | HP: 11/150 [two-headed ogre/giant club (7)]
  6762 | D:9      | Demolished by a two-headed ogre

Skill      XL: |  1  2  3  4  5  6  7  8  9 10 |
---------------+-------------------------------+-----
Unarmed Combat | 4 5 6 8 10 | 10.0
Dodging        | 3 4 6 7 |  7.3
Evocations     | 1 2 |  2.0
Fighting       | 3 4 5 6 |  6.5
Armour         | 4 5 |  5.0

Action                   |  1- 3 |  4- 6 |  7- 9 | 10-12 || total
-------------------------+-------+-------+-------+-------++-------
Melee: Unarmed           |   133 |    87 |   249 |   115 ||   584
       Punch             |     1 |     2 |     8 |     3 ||    14
Throw: Large rock        |     1 |     1 |       |     1 ||     3
Invok: Trog's Hand       |       |       |     1 |       ||     1
       Berserk           |       |       |     2 |     2 ||     4
  Use: Scroll            |     6 |     3 |     6 |     4 ||    19
 Stab: Sleeping          |     1 |       |     4 |       ||     5
  Eat: Chunk             |    22 |     6 |    33 |    10 ||    71
Armor: Animal skin       |    43 |    29 |    13 |       ||    85
       Robe              |       |       |    74 |    27 ||   101
Dodge: Dodged            |    61 |    41 |   102 |    48 ||   252
